Map: Eternal Empire LE

Players

goblin

  • Race: Protoss Protoss
  • League: Master
  • Spawn Location: 1:00

ArT - Winner!

  • Race: Protoss Protoss
  • Spawn Location: 7:00

Event: DreamHack SC2 Masters 2020 Summer Europe

VOD

Have the link to the VOD?

Description

Time

  • Played on: July 3, 2020, 11:45 a.m.
  • Length: 14:32

All games in this series

Show
View Real Time Build Order
Export as new Build Order

goblin Protoss 

Build Orders: Oracle Opening, Archon Immortal 

Get SALT Encoding   

  12  0:00  Probe  
  13  0:12  Probe  
  14  0:17  Pylon  
  14  0:24  Probe  
  15  0:32  Probe  
  15  0:37  Gateway  
  15  0:40  Probe  
  16  0:46  Assimilator  
  17  0:51  Probe  
  17  0:55  Assimilator  
  18  0:59  Probe  
  19  1:07  Probe  
  19  1:09  Gateway  
  19  1:17  Probe  
  20  1:25  Cybernetics Core  
  21  1:29  Probe  
  22  1:37  Pylon  
  22  1:41  Probe  
  23  1:55  Probe  
  24  2:02  Stargate  
  24  2:07  Adept x2  
  28  2:11  Warp Gate  
  28  2:17  Pylon  
  27  2:38  Oracle  
  27  2:39  Stalker x2  
  34  2:57  Pylon  
  34  3:18  Oracle  
  37  3:29  Nexus  
  37  3:33  Probe  
  38  3:46  Shield Battery  
  38  3:47  Probe  
  39  3:49  Robotics Facility  
  39  4:04  Probe  
  40  4:12  Probe  
  41  4:20  Pylon  
  41  4:22  Probe  
  41  4:26  Immortal  
  42  4:34  Probe  
  47  4:46  Probe  
  47  4:47  Probe  
  47  4:51  Sentry  
  47  4:52  Sentry  
  53  4:55  Probe  
  53  4:56  Forge  
  53  4:58  Probe  
  55  5:04  Probe  
  55  5:06  Observer  
  56  5:07  Pylon  
  56  5:10  Probe  
  58  5:14  Probe  
  59  5:21  Immortal  
  59  5:22  Probe x2  
  65  5:29  Protoss Ground Weapons Level 1  
  65  5:35  Probe  
  65  5:36  Probe  
  65  5:38  Assimilator  
  65  5:40  Assimilator  
  65  5:42  Pylon  
  67  5:47  Probe  
  67  5:48  Probe  
  69  5:52  Immortal  
  67  5:59  Probe  
  70  6:06  Twilight Council  
  70  6:07  Gateway  
  70  6:09  Gateway  
  70  6:17  Probe x2  
  72  6:25  Gateway x2  
  72  6:30  Pylon  
  72  6:34  Immortal  
  76  6:44  Charge  
  76  6:51  Gateway  
  76  6:54  Gateway, Pylon  
  76  6:57  Templar Archives  
  76  7:08  Zealot x2  
  76  7:11  Probe x2  
  76  7:12  Immortal  
  76  7:13  Pylon  
  86  7:33  Nexus  
  86  7:41  Warp Prism  
  86  7:45  High Templar x2  
  86  7:46  High Templar x2, Zealot x2  
  86  7:49  Archon  
  86  7:50  Archon  
  100  8:10  Zealot x4  
  108  8:13  Pylon  
  108  8:15  Observer  
  108  8:16  Pylon  
  106  8:27  Zealot x2  
  100  8:41  High Templar  
  100  8:42  High Templar  
  103  8:49  Archon  
  103  9:09  Pylon  
  102  9:29  Observer  
  102  9:30  High Templar x2, Zealot x3  
  110  9:35  Archon  
  110  9:44  Observer  
  110  9:46  Pylon  
  110  9:47  Observer  
  110  9:49  Pylon  
  110  10:04  Pylon  
  110  10:07  Pylon  
  110  10:12  Probe x2  
  104  10:16  Zealot x5  
  104  10:17  Zealot x3  
  76  10:31  Phoenix  
  66  10:42  High Templar x4, Pylon  
  76  10:46  Probe  
  76  10:47  Probe  
  78  10:55  Archon x2  
  78  11:14  High Templar x2, Zealot x2  
  86  11:21  Archon  
  86  11:22  Observer  
  86  11:28  Warp Prism  
  86  11:37  High Templar x2  
  92  11:42  Archon  
  92  11:49  Zealot x5  
  92  11:50  Zealot  
  103  12:09  Observer  
  104  12:18  Pylon  
  104  12:19  Observer  
  104  12:24  High Templar x2  
  104  12:25  Zealot x6  
  104  12:29  Archon  
  120  12:53  High Templar x2, Zealot x3  
  120  12:57  Nexus  
  120  12:58  Archon  
  130  13:08  Probe x2  
  130  13:11  High Templar x2  
  136  13:16  Archon  
  136  13:28  Zealot x3  
  142  13:51  Pylon  
  142  13:53  Pylon  
  142  13:55  Pylon  
  142  14:08  Nexus  
Show
View Real Time Build Order
Export as new Build Order

ArT Protoss - Winner!

Build Orders: Phoenix Opening 

Get SALT Encoding   

  12  0:00  Probe  
  13  0:12  Probe  
  14  0:17  Pylon  
  14  0:24  Probe  
  15  0:32  Probe  
  15  0:37  Gateway  
  15  0:40  Probe  
  16  0:46  Assimilator  
  17  0:51  Probe  
  17  0:55  Assimilator  
  18  0:59  Probe  
  19  1:08  Probe  
  19  1:10  Gateway  
  19  1:18  Probe  
  21  1:26  Cybernetics Core  
  21  1:30  Probe  
  22  1:37  Pylon  
  22  1:42  Probe  
  23  1:56  Warp Gate  
  23  2:02  Stalker x2  
  27  2:11  Twilight Council  
  27  2:14  Probe  
  28  2:21  Pylon  
  28  2:29  Probe  
  29  2:33  Sentry  
  31  2:39  Stalker  
  33  2:55  Nexus  
  33  3:03  Sentry  
  35  3:08  Phoenix  
  35  3:12  Shield Battery  
  35  3:13  Stalker  
  35  3:19  Pylon  
  37  3:23  Probe  
  38  3:36  Probe  
  38  3:39  Shield Battery  
  39  3:44  Stalker  
  39  3:48  Probe  
  42  3:51  Twilight Council  
  42  3:52  Stalker  
  44  4:00  Probe  
  42  4:06  Probe  
  42  4:09  Probe  
  42  4:14  Probe  
  43  4:17  Probe  
  45  4:27  Probe  
  45  4:28  Probe  
  45  4:30  Blink  
  47  4:36  Probe  
  47  4:40  Probe  
  47  4:44  Probe  
  47  4:46  Stalker  
  47  4:52  Probe  
  50  4:56  Probe  
  51  5:01  Robotics Facility  
  51  5:04  Probe  
  52  5:08  Probe  
  52  5:13  Probe  
  52  5:16  Probe  
  52  5:19  Stalker  
  52  5:20  Pylon  
  52  5:21  Probe  
  56  5:24  Probe  
  58  5:30  Stalker, Probe  
  61  5:35  Assimilator  
  61  5:38  Probe  
  61  5:39  Assimilator  
  62  5:43  Probe  
  62  5:46  Forge  
  63  5:50  Observer, Probe  
  62  5:57  Probe  
  62  6:02  Pylon  
  62  6:03  Probe  
  64  6:07  Pylon  
  64  6:09  Probe  
  65  6:12  Gateway, Probe  
  65  6:13  Gateway  
  65  6:16  Protoss Ground Weapons Level 1  
  66  6:20  Probe  
  66  6:21  Warp Prism, Probe  
  70  6:38  Dark Shrine  
  70  6:42  Charge  
  70  6:46  Gateway  
  70  6:48  Gateway  
  70  6:51  Probe  
  71  7:14  Nexus  
  71  7:18  Pylon  
  71  7:20  Gateway x2  
  71  7:26  Shield Battery  
  71  7:38  Pylon  
  71  7:39  Zealot x3  
  71  7:40  Zealot  
  79  7:53  Dark Templar x2  
  79  7:57  Shield Battery  
  83  8:10  Dark Templar x3  
  83  8:11  Dark Templar  
  91  8:16  Archon  
  91  8:24  Dark Templar x2  
  91  8:26  Archon  
  95  8:29  Shield Battery  
  95  8:34  Protoss Ground Weapons Level 2  
  95  8:45  Pylon  
  95  8:47  Pylon x2  
  93  8:52  Templar Archives  
  93  9:07  Dark Templar  
  93  9:09  Dark Templar x2  
  98  9:13  Pylon  
  98  9:14  Dark Templar, Archon  
  98  9:15  Dark Templar  
  102  9:19  Archon  
  102  9:21  Pylon  
  102  9:43  Dark Templar x2  
  102  9:44  Zealot x4  
  114  9:48  Pylon  
  114  9:49  Archon  
  114  9:59  Zealot  
  116  10:05  Archon  
  116  10:06  Archon  
  116  10:07  Dark Templar x2  
  116  10:11  Zealot x3  
  116  10:14  Archon  
  119  10:19  Zealot  
  119  10:20  Zealot x2  
  81  10:34  Protoss Ground Weapons Level 3  
  81  10:40  Stalker  
  81  10:42  Stalker  
  85  10:43  Nexus  
  82  10:53  Observer  
  78  11:01  Probe  
  80  11:15  Photon Cannon  
  80  11:29  Warp Prism  
  78  11:35  High Templar  
  78  11:36  High Templar x2, Zealot  
  78  11:37  High Templar, Zealot x2  
  94  11:41  Archon x2  
  94  11:43  Probe  
  94  11:44  Pylon  
  96  11:54  Pylon  
  95  12:03  High Templar x2  
  95  12:05  Shield Battery  
  95  12:06  Zealot x2  
  95  12:07  Archon  
  103  12:13  Photon Cannon, Probe x2  
  103  12:14  Probe  
  106  12:20  Dark Templar  
  108  12:32  Zealot  
  108  12:33  Zealot x2  
  113  12:45  High Templar x2, Zealot x2  
  113  12:51  Archon  
  121  12:55  Zealot x3  
  121  12:57  Observer  
  128  13:03  Zealot  
  130  13:12  Dark Templar  
  132  13:15  Probe x2  
  132  13:19  Zealot x2  
  138  13:20  Zealot  
  140  13:30  High Templar x2  
  140  13:31  Zealot x2  
  148  13:35  Archon  
  148  13:41  Zealot x3  
  148  13:47  Stalker  
  156  13:51  Stalker  
  158  14:05  Zealot x3  
  164  14:15  Zealot x2  
  164  14:16  Zealot  
Tags
 
Add a new tag
Caveats
  • Supply blocks, unpowered buildings, or Contaminate may cause inaccurate times.
  • Supply counts are checked every 10 seconds.